 Dungeon Crawl Stone Soup version 0.29.1-4-g47bece8355 (webtiles) character file.

Game seed: 17248472262754869274

149 razgard the Trooper (level 5, -7/46 (47) HPs)
             Began as a Minotaur Hunter on Dec 8, 2022.
             Mangled by a wight
             ... wielding a +0 great sword
              (20 damage)
             ... on level 3 of the Dungeon.
             The game lasted 00:03:59 (2408 turns).

razgard the Trooper (Minotaur Hunter)               Turns: 2408, Time: 00:03:59

HP:   -7/46 (47)    AC:  3    Str: 18    XL:     5   Next: 9%
MP:   4/4           EV: 12    Int:  6    God:
Gold: 113           SH:  0    Dex: 13    Spells: 4/4 levels left

rFire   . . .      SeeInvis .   q - +3 whip of Invincibility {venom, rElec rPois}
rCold   . . .      Faith    .   (no shield)
rNeg    . . .      Spirit   .   c - +0 leather armour
rPois   +          Reflect  .   (helmet restricted)
rElec   +          Harm     .   (no cloak)
rCorr   .          Rampage  .   (no gloves)
Will    .....                   (no boots)
Stlth   +.........              (no amulet)
HPRegen 0.15/turn               (no ring)
MPRegen 0.09/turn               (no ring)

@: lightly drained
A: horns 2, retaliatory headbutt
a: no special abilities


You were on level 3 of the Dungeon.
You visited 1 branch of the dungeon, and saw 4 of its levels.

You collected 113 gold pieces.

Inventory:

Hand Weapons
 a - a +0 shortbow
 e - a +0 hand axe
 j - a +1 mace of protection
 q - the +3 whip of Invincibility (weapon) {venom, rElec rPois}
   (You took it off a hobgoblin on level 2 of the Dungeon)

   It poisons the flesh of those it strikes.
   rElec:     It insulates you from electricity.
   rPois:     It protects you from poison.
Armour
 c - a +0 leather armour (worn)
Jewellery
 n - an amulet of reflection
Scrolls
 b - a scroll of immolation
 d - a scroll of poison {unknown}
 f - 3 scrolls of identify {unknown}
 g - 2 scrolls of teleportation {unknown}
 m - 3 scrolls of fear {unknown}
Potions
 h - a potion of haste {unknown}
 i - a potion of berserk rage {unknown}
 k - 3 potions of curing {unknown}
 l - 2 potions of brilliance {unknown}
 o - a potion of flight {unknown}
 p - a potion of heal wounds {unknown}


   Skills:
 + Level 4.7 Fighting
 - Level 2.3(2.9) Axes
 + Level 2.5(3.0) Maces & Flails
 - Level 4.5 Ranged Weapons
 - Level 2.3 Dodging
 - Level 1.0 Stealth


You had 4 spell levels left.
You didn't know any spells.
Your spell library contained the following spells:

 Spells                   Type           Power      Damage    Failure   Level
 Sandblast                Erth           0%         2d4       52%         1
 Sting                    Tmut/Pois      0%         1d3       52%         1
 Passwall                 Tmut/Erth      0%         N/A       65%         2
 Poisonous Vapours        Pois/Air       0%         N/A       65%         2
 Conjure Flame            Conj/Fire      0%         6-21      87%         3
 Ignite Poison            Fire/Tmut/Pois 0%         N/A       87%         3
 Stone Arrow              Conj/Erth      0%         3d7       87%         3
 Olgreb's Toxic Radiance  Pois           0%         N/A       99%         4
 Sticky Flame             Conj/Fire      0%         2d3       99%         4


Dungeon Overview and Level Annotations

Branches:
Dungeon (4/15)
 Temple: D:4-7

Altars:
Hepliaklqana
Ru


Innate Abilities, Weirdness & Mutations

You have a pair of horns on your head.
You reflexively headbutt those who attack you in melee.


Message History

There is a stone staircase leading up here.
(D) Dungeon
Where to? (Enter - D:3, ? - help)
What level of the Dungeon? (default 1, ? - help)
There is an open door here.
There is a stone staircase leading down here.
You climb downwards.
There is a stone staircase leading up here.
Found a rapier.
A wight comes into view. It is wielding a +5 war axe.
The wight moves out of view. 2 wights come into view.
Found a scroll labelled HEUMPI REPSI.
A wight comes into view. It is wielding a +0 falchion.
Found 6 stones.
The wight hits you with a +5 war axe!
You closely miss the wight. The wight hits you with a +5 war axe!
You feel drained.
You are too injured to fight recklessly!
You are too injured to fight recklessly!
You are too injured to fight recklessly!
You are too injured to fight recklessly!
You are too injured to fight recklessly!
You are too injured to fight recklessly!
You are too injured to fight recklessly!
Unknown command.
The wight attacks as you move away! The wight misses you.
There is a stone staircase leading up here.
The wight misses you.
You climb upwards.
There is a stone staircase leading down here.
You whack the wight!
The wight is heavily damaged.
You hit the wight. Your headbutt misses the wight.
The wight is severely damaged.
The wight hits you with a +0 great sword!
* * * LOW HITPOINT WARNING * * *
You hit the wight.
The wight is almost destroyed.
The wight hits you with a +0 great sword!!
You die...

###### #....# #....##+
########.......
####...)))[.......
#@z..######....... #.####
###.)... #.# #...รท. #.#
##..... #######.#### #....##
######..........## #......
#............##..######g....#
#........[..##8..8##[)g.....#
#...........##....##g#g######


You could see a wight.

Vanquished Creatures
  Robin (D:3)
  4 gnolls (D:2)
  3 adders
  A worm (D:2)
  4 dart slugs
  8 bats
  7 endoplasms
  14 goblins
  4 hobgoblins
  2 quokkas
  3 ball pythons
  4 kobolds
  6 rats
61 creatures vanquished.

Notes
Turn   | Place    | Note
-------+----------+-------------------------------------------
     0 | D:1      | razgard the Minotaur Hunter began the quest for the Orb.
     0 | D:1      | Reached XP level 1. HP: 18/18 MP: 0/0
    84 | D:1      | Reached skill level 1 in Stealth
   166 | D:1      | Reached XP level 2. HP: 25/25 MP: 1/1
   541 | D:1      | Reached skill level 1 in Axes
   867 | D:2      | Reached XP level 3. HP: 28/31 MP: 2/2
   878 | D:2      | Identified the +3 whip of Invincibility {venom, rElec
                  | rPois}
  1025 | D:2      | Reached XP level 4. HP: 14/40 MP: 3/3
  1028 | D:2      | Reached skill level 1 in Maces & Flails
  1878 | D:3      | Found a hazy altar of Hepliaklqana.
  1887 | D:3      | Found a sacrificial altar of Ru.
  2004 | D:3      | Noticed Robin
  2039 | D:3      | Reached XP level 5. HP: 23/47 MP: 4/4
  2041 | D:3      | Killed Robin
  2408 | D:3      | Mangled by a wight

Illustrated notes

Levels and vault maps discovered:
D:1:      kennysheep_arrival_seaside, layout_basic
D:2:      layout_loops_ring, nrook_mini_vaults, minmay_tromino_mix6
D:3:      layout_basic, minitemple, uniq_robin
D:4:      layout_cave_pools, hellmonk_ghost_happy_afterlife, uniq_grinder,
          uniq_natasha

Skill      XL: |  1  2  3  4 |
---------------+-------------+-----
Stealth        | 1 |  1.0
Fighting       | 3 4 |  4.7
Axes           | 1 2 |  2.3
Maces & Flails | 2 |  2.5
Ranged Weapons | |  4.5
Dodging        | |  2.3

Action                   |  1- 3 |  4- 6 || total
-------------------------+-------+-------++-------
Melee: Hand axe          |    32 |       ||    32
       Headbutt          |     7 |     7 ||    14
       Mace              |     7 |    59 ||    66
       Whip              |       |     4 ||     4
 Fire: Shortbow          |    12 |       ||    12
 Stab: Sleeping          |     2 |     1 ||     3
Armor: Leather armour    |     7 |    33 ||    40
Dodge: Dodged            |    44 |    57 ||   101
